 Dungeon Crawl Stone Soup version 0.30-a0-748-ge6a52f7cba (webtiles) character file.

Game seed: 14749328399339847458

1242 sircluck the Skirmisher (level 8, -10/40 HPs)
             Began as a Spriggan Hunter on Feb 8, 2023.
             Mangled by Pikel
             ... wielding a +1 whip of electrocution
              (19 damage)
             ... on level 6 of the Dungeon.
             The game lasted 00:12:41 (5477 turns).

sircluck the Skirmisher (Spriggan Hunter)           Turns: 5477, Time: 00:12:41

Health: -10/40     AC:  3    Str:  7    XL:     8   Next: 25%
Magic:  9/9        EV: 19    Int: 10    God:
Gold:   177        SH:  0    Dex: 21    Spells: 7/7 levels left

rFire   . . .      SeeInvis +    a - +0 shortbow
rCold   . . .      Faith    .    (shield currently unavailable)
rNeg    . . .      Spirit   .    c - +1 robe
rPois   .          Reflect  .    (helmet restricted)
rElec   .          Harm     .    (no cloak)
rCorr   .          Rampage  .    (gloves unavailable)
Will    +....                    (boots unavailable)
Stlth   +                        (no amulet)
HPRegen 0.26/turn                (no ring)
MPRegen 0.11/turn                (no ring)

@: confused, very quick
A: very small, no large weapons, unfitting armour, see invisible, speed 3
a: no special abilities


You were on level 6 of the Dungeon.
You visited 2 branches of the dungeon, and saw 7 of its levels.

You collected 207 gold pieces.
You spent 30 gold pieces at shops.

Inventory:

Hand Weapons
 a - a +0 shortbow (weapon)
Missiles
 E - a throwing net
Armour
 c - a +1 robe (worn)
 y - a +0 cloak
Jewellery
 g - a +6 ring of strength
Wands
 A - a wand of iceblast (13)
Scrolls
 b - a scroll of immolation
 d - 2 scrolls of vulnerability
 e - a scroll of poison
 i - 3 scrolls of enchant armour
 j - 2 scrolls of magic mapping {unknown}
 n - 2 scrolls of enchant weapon {unknown}
 o - a scroll of summoning {unknown}
 p - a scroll of fog {unknown}
 q - 2 scrolls of torment {unknown}
 r - a scroll of teleportation
 t - a scroll of fear {unknown}
 v - a scroll of identify {unknown}
 w - a scroll of noise {unknown}
 C - a scroll of silence {unknown}
Potions
 f - a potion of mutation {unknown}
 h - 2 potions of curing
 k - 2 potions of heal wounds {unknown}
 l - 4 potions of flight
 m - 2 potions of attraction {unknown}
 s - 3 potions of degeneration {unknown}
 u - 2 potions of haste {unknown}
 x - a potion of ambrosia {unknown}
 z - 2 potions of might {unknown}
 B - a potion of cancellation {unknown}
 D - a potion of experience {unknown}
 F - a potion of resistance {unknown}
 G - a potion of lignification {unknown}


   Skills:
 + Level 3.3 Fighting
 + Level 9.6 Ranged Weapons
 + Level 3.9 Dodging
 + Level 3.7 Stealth


You had 7 spell levels left.
You didn't know any spells.
Your spell library contained the following spells:

 Spells                   Type           Power      Damage    Failure   Level
 Conjure Ball Lightning   Conj/Air       0%         3x3d6     100%        6
 Discord                  Hex            0%         N/A       100%        8
 Disjunction              Tloc           0%         N/A       100%        8


Dungeon Overview and Level Annotations

Branches:
Dungeon (6/15)             Temple (1/1) D:4

Altars:
Ashenzari
Cheibriados
Dithmenos
Elyvilon
Fedhas
Gozag
Hepliaklqana
Kikubaaqudgha
Makhleb
Nemelex Xobeh
Okawaru
Ru
Sif Muna
Trog
Uskayaw
Vehumet
Wu Jian
Xom
Yredelemnul
Zin
The Shining One

Shops:
D:2 !   D:4 :

Annotations:
D:6 Pikel


Innate Abilities, Weirdness & Mutations

You are very small and have problems with some larger weapons.
You are too small for most types of armour.
You have supernaturally acute eyesight. (SInv)
You cover ground extremely quickly. (Speed+++)


Message History

You shoot an arrow. The arrow hits the lemure.
The lemure shouts!
The lemure is lightly wounded.
You shoot an arrow. The arrow hits the lemure.
The lemure is moderately wounded.
You hear a shout!
Pikel, Merchant of Souls comes into view.
He is wielding a +1 whip of electrocution and carrying a wand of charming (9).
You shoot an arrow.
The arrow hits Pikel but does no damage.
A lemure comes into view.
You shoot an arrow.
The arrow hits Pikel but does no damage.
You shoot an arrow. The arrow hits Pikel.
Pikel is lightly wounded.
You hear a shout!
Pikel zaps a wand.
You resist with almost no effort.
A lemure comes into view.
You shoot an arrow. The arrow barely misses Pikel.
The arrow misses the lemure.
You hear a shout!
You shoot an arrow. The arrow hits Pikel!
Pikel is moderately wounded.
Pikel zaps a wand.
Your will is overpowered!
You are confused.
Non-targeted confused fire: a) +0 shortbow
Press: ? - help, Q - select action, (/) - cycle Dir - look around, f - activate Look: Pikel, wielding a +1 whip of electrocution, wearing a +0 robe and carrying a wand of charming (7) (moderately wounded)
You shoot an arrow.
A lemure comes into view.
You bump into the rock wall.
You're too confused to move!
Pikel zaps a wand.
You resist with almost no effort.
You bump into the rock wall.
Pikel hits you with a +1 whip of electrocution.
You are electrocuted!!
Ouch! That really hurt!
You bump into the rock wall.
Pikel hits you with a +1 whip of electrocution.
* * * LOW HITPOINT WARNING * * *
You are electrocuted!!
You die...

###.##########.# #.#
#....# #.#######.##.##
###.............###
..##.######.##........
#....# #.####.#####
....## #.####.#
#....## #...<..#
##....#####.####@#
#...........#
#K#####..
##......#####
#.5.555.. ##.#....#
#####.#.# ####.#.#
#####


You could see Pikel and a lemure.

Vanquished Creatures
  Grinder (D:4)
  A water moccasin (D:6)
  Edmund (D:5)
  An ice beast (D:5)
  2 ogres (D:4)
  A phantom (D:4)
  3 bullfrogs (D:6)
  A hound (D:3)
  Jessica (D:3)
  An iguana (D:5)
  3 orc wizards
  5 adders
  3 worms
  A dart slug (D:2)
  9 orcs
  6 bats
  8 endoplasms
  5 giant cockroaches
  7 goblins
  12 hobgoblins
  11 jackals
  7 kobolds
  6 ball pythons
  11 rats
107 creatures vanquished.

Vanquished Creatures (others)
  2 withered plants (D:4)
2 creatures vanquished.

Grand Total: 109 creatures vanquished

Notes
Turn   | Place    | Note
-------+----------+-------------------------------------------
     0 | D:1      | sircluck the Spriggan Hunter began the quest for the Orb.
     0 | D:1      | Reached XP level 1. HP: 10/10 MP: 2/2
   400 | D:1      | Reached XP level 2. HP: 14/14 MP: 3/3
   842 | D:2      | Found Okhig's Distillery.
   853 | D:2      | Bought a potion of flight for 30 gold pieces
  1010 | D:2      | Reached XP level 3. HP: 18/18 MP: 4/4
  1201 | D:2      | Found an ancient bone altar of Kikubaaqudgha.
  1221 | D:2      | Reached skill level 5 in Ranged Weapons
  1683 | D:3      | Reached XP level 4. HP: 18/23 MP: 5/5
  1737 | D:3      | Noticed Jessica
  1741 | D:3      | Killed Jessica
  2040 | D:3      | Found a sacrificial altar of Ru.
  2064 | D:3      | Found a snail-covered altar of Cheibriados.
  2068 | D:3      | Found a shimmering altar of Xom.
  2070 | D:3      | Found a hazy altar of Hepliaklqana.
  2070 | D:3      | Found a bloodstained altar of Trog.
  2073 | D:3      | Found a white marble altar of Elyvilon.
  2420 | D:4      | Noticed an ogre
  2433 | D:4      | Noticed a phantom
  2443 | D:4      | Found Teruekea's Book Shop.
  2469 | D:3      | Reached skill level 6 in Ranged Weapons
  2469 | D:3      | Reached XP level 5. HP: 13/26 MP: 6/6
  2608 | D:4      | Killed an ogre
  2609 | D:4      | Reached XP level 6. HP: 20/30 MP: 7/7
  2779 | D:4      | Found an ancient bone altar of Kikubaaqudgha.
  2814 | D:4      | Found a staircase to the Ecumenical Temple.
  2874 | D:4      | Reached skill level 7 in Ranged Weapons
  2998 | D:4      | Noticed Grinder
  3342 | D:4      | Found a radiant altar of Vehumet.
  3453 | D:4      | Killed Grinder
  3454 | D:4      | Reached skill level 8 in Ranged Weapons
  3454 | D:4      | Reached XP level 7. HP: 35/35 MP: 8/8
  3477 | D:5      | Entered Level 5 of the Dungeon
  3533 | Temple   | Entered the Ecumenical Temple
  3763 | D:5      | Noticed Edmund
  4828 | D:5      | Killed Edmund
  4829 | D:5      | Reached skill level 9 in Ranged Weapons
  5120 | D:6      | Reached XP level 8. HP: 36/40 MP: 9/9
  5466 | D:6      | Noticed Pikel
  5477 | D:6      | Mangled by Pikel

Illustrated notes

Levels and vault maps discovered:
D:1:      onia_arrival_handbag, layout_loops_ring
D:2:      layout_loops_cross, serial_shops, nicolae_shop_trees, basic_altar,
          corexii_leaking_fountain, serial_bayou_pond_e
D:3:      layout_loops_ring, minitemple, mainiacjoe_overflow_brackets,
          uniq_jessica
D:4:      minmay_chambers_of_threes, layout_gridville,
          kiku_gazebo_garden_becter, lemuel_coloured_pillars_altar,
          minmay_temple_entry_hall, serial_shops, kennysheep_little_box,
          minmay_small_thing, uniq_grinder
D:5:      nicolae_cairo_tiling, layout_loops_corners, uniq_edmund
D:6:      layout_loops_ring, nicolae_figureground_sparkle, uniq_pikel
Temple:   nicolae_temple_bog_church

Skill      XL: |  1  2  3  4  5  6  7 |
---------------+----------------------+-----
Ranged Weapons | 5 6 8 9 |  9.6
Fighting       | 2 3 |  3.3
Dodging        | 3 |  3.9
Stealth        | 3 |  3.7

Action                     |  1- 3 |  4- 6 |  7- 9 || total
---------------------------+-------+-------+-------++-------
   Fire: Shortbow          |   127 |   156 |   121 ||   404
    Use: Scroll            |       |     4 |       ||     4
         Potion            |       |       |     1 ||     1
 Armour: Robe              |     9 |     7 |     5 ||    21
  Dodge: Dodged            |    75 |    46 |    54 ||   175

Table legend: (Time is in decaauts)
 A = Elapsed time spent in this place.
 B = Non-inter-level travel time spent in this place.
 C = Inter-level travel time spent in this place.
 D = Time resting spent in this place.
 E = Time spent auto-exploring this place.
 F = Levels seen in this place.
 G = Mean time per level.
                   A        B        C        D        E       F      G
               +--------+--------+--------+--------+--------+-----+--------+
         Total |   3843 |   3433 |    410 |     53 |   2425 |   7 |  549.0 |
       Dungeon |   3723 |   3318 |    405 |     53 |   2323 |   6 |  620.5 |
        Temple |    120 |    116 |      4 |      0 |    102 |   1 |  120.0 |
               +--------+--------+--------+--------+--------+-----+--------+

Top non-repeatable levels by time:
     D:5: 874 daAuts
     D:4: 841 daAuts
     D:3: 640 daAuts
     D:2: 593 daAuts
     D:1: 472 daAuts
     D:6: 300 daAuts
  Temple: 120 daAuts
